 Dungeon Crawl Stone Soup version 0.31-a0-640-g39d97e502b (webtiles) character file.

Game seed: 17883951141632605004

1180 qw the Skirmisher (level 8, -3/50 HPs)
             Began as a Gargoyle Hunter on Aug 27, 2023.
             Slain by a wight
             ... wielding a +4 scimitar
              (9 damage)
             ... on level 6 of the Dungeon.
             The game lasted 00:01:31 (3283 turns).

qw the Skirmisher (Gargoyle Hunter)                 Turns: 3283, Time: 00:01:31

Health: -3/50      AC: 15    Str: 15    XL:     8   Next: 42%
Magic:  8/8        EV: 11    Int: 10    God:
Gold:   184        SH:  0    Dex: 21    Spells: 7/7 levels left

rFire   . . .        k - +4 sling of Entrepreneurial Spirit {heavy, rElec rPois Stlth+}
rCold   . . .        (no shield)
rNeg    + . .        m - +0 ring mail
rPois   inf          h - +0 helmet {SInv}
rElec   +            q - +0 cloak
rCorr   .            c - +1 pair of gloves
SInv    +            (no boots)
Will    .....        (no amulet)
Stlth   ++           g - +6 ring of dexterity
HPRegen 0.28/turn    (no ring)
MPRegen 0.11/turn

%: no passive effects
@: about to teleport
A: sickness immunity, AC +5, negative energy resistance 1, electricity
resistance, torment resistance 1, petrification resistance
a: no special abilities


You were on level 6 of the Dungeon.
You visited 2 branches of the dungeon, and saw 7 of its levels.

You collected 184 gold pieces.


Innate Abilities, Weirdness & Mutations

You are immune to sickness and miasma.
Your stone body is resilient. (AC +5)
You are immune to poison.
You resist negative energy. (rN+)
You are resistant to electric shocks. (rElec)
You are resistant to unholy torment.
You are immune to petrification.


   Skills:
 - Level 5.5 Fighting
 - Level 9.0 Ranged Weapons
 + Level 2.4 Armour
 - Level 2.0 Dodging
 - Level 1.1 Stealth


You had 7 spell levels left.
You didn't know any spells.
Your spell library was empty.

Inventory:

Hand Weapons
 k - the +4 sling of Entrepreneurial Spirit (weapon) {heavy, rElec rPois Stlth+}
   (You found it on level 3 of the Dungeon)

   rElec:     It insulates you from electricity.
   rPois:     It protects you from poison Stlth+: It makes you more stealthy.
Armour
 c - a +1 pair of gloves (worn)
 h - a +0 helmet of see invisible (worn)
 m - a +0 ring mail (worn)
 n - a +2 helmet
 q - a +0 cloak (worn)
Jewellery
 f - a ring of fire
 g - a +6 ring of dexterity (left hand)
Scrolls
 o - 2 scrolls of teleportation
Potions
 a - a potion of cancellation {unknown}
 b - a potion of curing {unknown}
 d - a potion of mutation {unknown}
 e - a potion of heal wounds {unknown}
 i - a potion of haste {unknown}
 j - a potion of magic {unknown}
 l - a potion of enlightenment {unknown}

Dungeon Overview and Level Annotations

Branches:
Dungeon (6/15)             Temple (1/1) D:5

Altars:
Cheibriados
Elyvilon
Fedhas
Gozag
Hepliaklqana
Kikubaaqudgha
Makhleb
Nemelex Xobeh
Qazlal
Ru
Sif Muna
Trog
Uskayaw
Vehumet
Wu Jian
Xom
Yredelemnul
Zin
The Shining One

Annotations:
D:4 3 runed translucent doors, qw's ghost, amateur MiHs


Message History

3273 ||| Stepping ~*~*~tactically~*~*~ (retreating).
You shoot a sling bullet.
The sling bullet barely misses the wight.
The sling bullet hits the wight!
The wight is almost destroyed.
The wight hits you with a +0 falchion!
You shoot a sling bullet. The sling bullet hits the wight.
The wight is heavily damaged.
The wight barely misses you.
The wight hits you with a +0 falchion. x2
The wight hits you but does no damage.
You shoot a sling bullet. The sling bullet hits the wight.
The wight is almost destroyed.
The wight hits you but does no damage. x2
You shoot a sling bullet.
The sling bullet barely misses the wight.
The sling bullet hits the wight!!
You destroy the wight!
The wight hits you but does no damage. The wight closely misses you.
The wight hits you from afar with a +0 spear.
You shoot a sling bullet. The sling bullet hits the wight!
You destroy the wight!
The wight misses you. The wight closely misses you.
You shoot a sling bullet. The sling bullet hits the wight!
You destroy the wight!
Your Ranged Weapons skill increases to level 9!
You shoot a sling bullet. The sling bullet hits the wight.
The wight is moderately damaged.
The wight hits you with a +4 scimitar!
3281 ||| READING 3 scrolls of teleportation.
As you read the scroll of teleportation, it crumbles to dust.
You feel strangely unstable. The wight barely misses you.
You shoot a sling bullet.
The sling bullet barely misses the wight.
The wight hits you with a +4 scimitar. The wight closely misses you.
You shoot a sling bullet.
The sling bullet hits the wight but does no damage.
The wight is moderately damaged.
The wight hits you with a +4 scimitar!
You die...

. .. #.> ..
.##.#########.#####
..........@z)......
##.###..#########.
#...<.## #######


You could see a wight.

Vanquished Creatures
  A steam dragon (D:6)
  An ice beast (D:5)
  A centaur (D:6)
  An ogre (D:5)
  A scorpion (D:4)
  4 wights (D:6)
  3 hounds
  2 orc priests (D:4)
  2 jellies
  A sleepcap (D:6)
  Natasha (thrice) (D:3)
  An iguana (D:5)
  An orc wizard (D:5)
  Robin (D:3)
  3 adders (D:4)
  A white imp (D:5)
  An ufetubus (D:5)
  2 worms
  5 dart slugs
  9 orcs
  5 bats
  5 endoplasms
  7 giant cockroaches
  11 goblins
  6 hobgoblins
  2 jackals (D:4)
  11 kobolds
  4 quokkas
  8 ball pythons
  8 frilled lizards
  5 rats
116 creatures vanquished.

Notes
Turn   | Place    | Note
-------+----------+-------------------------------------------
     0 | D:1      | qw the Gargoyle Hunter began the quest for the Orb.
     0 | D:1      | Reached XP level 1. HP: 12/12 MP: 1/1
     0 | D:1      | 0 ||| qw: Version: 0.3-a-74-g0d5e918
     0 | D:1      | 0 ||| qw: Game counter: 24
     0 | D:1      | 0 ||| qw: Melee chars always use a shield: true
     0 | D:1      | 0 ||| qw: God list: Okawaru
     0 | D:1      | 0 ||| qw: Allow faded altars: false
     0 | D:1      | 0 ||| qw: Do Orc after clearing Dungeon:15 true
     0 | D:1      | 0 ||| qw: Do second Lair branch before Depths: true
     0 | D:1      | 0 ||| qw: Lair rune preference: random
     0 | D:1      | 0 ||| qw: Goals: Normal
     0 | D:1      | 0 ||| PLANNING D:1-11
    61 | D:1      | Reached XP level 2. HP: 13/17 MP: 2/2
   237 | D:1      | Found a faded altar of an unknown god.
   427 | D:1      | Reached XP level 3. HP: 20/21 MP: 3/3
   513 | D:1      | Reached skill level 5 in Ranged Weapons
   653 | D:1      | 653 ||| UPGRADING to +6 ring of dexterity.
   654 | D:1      | 654 ||| READING scroll labelled CUAZUO XEILOP.
   655 | D:1      | 655 ||| READING scroll labelled GUOBUROOSU.
   656 | D:1      | 656 ||| READING scroll labelled DEAWEO IPRISIU.
   657 | D:1      | 657 ||| DROPPING scroll of butterflies.
   885 | D:2      | Reached skill level 3 in Fighting
  1000 | D:2      | Found a blossoming altar of Fedhas.
  1020 | D:2      | Reached XP level 4. HP: 28/28 MP: 4/4
  1210 | D:2      | 1210 ||| READING scroll labelled ROKOTAETO.
  1211 | D:2      | 1211 ||| READING scroll labelled INOITI QOAMOO.
  1212 | D:2      | 1212 ||| READING scroll labelled QUPNOM ALITU.
  1375 | D:3      | Noticed Natasha
  1377 | D:3      | Killed Natasha
  1419 | D:3      | 1419 ||| FLEEEEING.
  1504 | D:3      | Noticed Natasha
  1512 | D:3      | Killed Natasha
  1531 | D:3      | Noticed Natasha
  1543 | D:3      | Killed Natasha
  1544 | D:3      | Reached skill level 6 in Ranged Weapons
  1544 | D:3      | Reached XP level 5. HP: 24/32 MP: 5/5
  1765 | D:3      | Noticed Robin
  1772 | D:3      | Killed Robin
  1843 | D:3      | Identified the +4 sling of Entrepreneurial Spirit {heavy,
                  | rElec rPois Stlth+}
  1845 | D:3      | 1845 ||| SWAPPING to +4 sling of Entrepreneurial Spirit
                  | {heavy, rElec rPois Stlth+}.
  1846 | D:3      | 1846 ||| DROPPING +1 shortbow.
  1851 | D:3      | Found a radiant altar of Vehumet.
  1995 | D:3      | 1995 ||| UPGRADING to +0 helmet of see invisible.
  2094 | D:4      | 2094 ||| FLEEEEING.
  2095 | D:4      | 2095 ||| FLEEEEING.
  2098 | D:4      | 2098 ||| FLEEEEING.
  2099 | D:4      | 2099 ||| FLEEEEING.
  2100 | D:4      | 2100 ||| FLEEEEING.
  2104 | D:4      | 2104 ||| FLEEEEING.
  2105 | D:4      | 2105 ||| FLEEEEING.
  2128 | D:4      | Reached skill level 1 in Armour
  2193 | D:4      | Found a runed translucent gate.
  2197 | D:4      | Found a runed translucent gate.
  2197 | D:4      | Found a runed translucent gate.
  2201 | D:4      | Noticed qw's ghost (amateur MiHs)
  2293 | D:4      | Found a snail-covered altar of Cheibriados.
  2355 | D:4      | Reached XP level 6. HP: 38/38 MP: 6/6
  2514 | D:4      | Found an opulent altar of Gozag.
  2694 | D:4      | 2694 ||| UPGRADING to +0 ring mail.
  2704 | D:4      | 2704 ||| DROPPING +0 leather armour.
  2705 | D:4      | 2705 ||| UPGRADING to +0 cloak.
  2710 | D:4      | 2710 ||| READING scroll labelled YTEOPL NUCE.
  2725 | D:5      | Entered Level 5 of the Dungeon
  2767 | D:5      | Noticed an ice beast
  2779 | D:5      | Killed an ice beast
  2780 | D:5      | Reached skill level 7 in Ranged Weapons
  2780 | D:5      | Reached XP level 7. HP: 39/44 MP: 7/7
  2857 | D:5      | Found a staircase to the Ecumenical Temple.
  2858 | D:5      | 2858 ||| PLANNING TEMPLE
  2858 | D:5      | 2858 ||| UPGRADING to +1 pair of gloves.
  2863 | D:5      | 2863 ||| READING scroll labelled TAASIA UVOUTZO.
  2870 | Temple   | Entered the Ecumenical Temple
  2871 | Temple   | 2871 ||| PLANNING D:1-11
  3105 | D:5      | 3105 ||| READING scroll labelled OHALUK GAVUKAD.
  3112 | D:6      | 3112 ||| STAIRDANCE
  3223 | D:6      | Noticed a steam dragon
  3225 | D:6      | Reached skill level 8 in Ranged Weapons
  3229 | D:6      | Killed a steam dragon
  3230 | D:6      | Reached XP level 8. HP: 45/50 MP: 8/8
  3273 | D:6      | 3273 ||| Stepping ~*~*~tactically~*~*~ (retreating).
  3280 | D:6      | Reached skill level 9 in Ranged Weapons
  3280 | D:6      | HP: 9/50 [wight/+4 scimitar (10)]
  3281 | D:6      | 3281 ||| READING 3 scrolls of teleportation.
  3283 | D:6      | Slain by a wight

Levels and vault maps discovered:
D:1:      lightli_arrival_maybe_door_vault, layout_basic,
          ebering_ecumenical_altar_box
D:2:      layout_loops_cross, basic_altar, due_unseen_surprise
D:3:      layout_loops_ring, vehumet_altar_wand_db, uniq_natasha, uniq_robin
D:4:      cheibrodos_quashed, layout_loops_ring, kennysheep_slug_shrine,
          grunt_gozag_breadcrumbs, ebering_ghost_rock_garden
D:5:      layout_rooms, minmay_temple_entry_grid
D:6:      layout_rooms, gammafunk_temple_overflow_elements, uniq_blork_the_orc
Temple:   nicolae_temple_slightly_damp_pantheon

Skill      XL: |  1  2  3  4  5  6  7  8 |
---------------+-------------------------+-----
Ranged Weapons | 5 6 7 8 9 |  9.0
Fighting       | 3 4 5 |  5.5
Dodging        | 2 |  2.0
Armour         | 1 2 |  2.4
Stealth        | |  1.1

Action                     |  1- 3 |  4- 6 |  7- 9 || total
---------------------------+-------+-------+-------++-------
   Fire: Shortbow          |   127 |    76 |       ||   203
         Sling             |       |    75 |    54 ||   129
    Use: Scroll            |     3 |     4 |     3 ||    10
 Armour: Leather armour    |    12 |    15 |       ||    27
         Ring mail         |       |     5 |    27 ||    32
  Dodge: Dodged            |    21 |    44 |    27 ||    92

Table legend:
 A = Non-vault XP
 B = Vault XP
 C = Vault XP percentage of total XP
 D = Non-vault monster count
 E = Vault monster count
 F = Vault count percentage of total count
                 A         B        C        D         E       F
            +---------+---------+-------+---------+---------+-------
      Total |    1618 |      68 |   4.0 |     106 |      10 |   8.6
            +---------+---------+-------+---------+---------+-------
        D:1 |      42 |       0 |   0.0 |      26 |       0 |   0.0
        D:2 |      41 |       0 |   0.0 |      20 |       0 |   0.0
        D:3 |      98 |      64 |  39.5 |      16 |       9 |  36.0
        D:4 |     280 |       4 |   1.4 |      22 |       1 |   4.3
        D:5 |     471 |       0 |   0.0 |      14 |       0 |   0.0
        D:6 |     686 |       0 |   0.0 |       8 |       0 |   0.0
            +---------+---------+-------+---------+---------+-------
